 Dungeon Crawl Stone Soup version 0.22.1-2-g9c5b331383 (webtiles) character file.

57 Jynx the Digger (level 4, -5/24 HPs)
             Began as a Gargoyle Earth Elementalist on Nov 22, 2018.
             Slain by a gnoll
             ... wielding a cursed -2 spear
              (9 damage)
             ... on level 2 of the Dungeon.
             The game lasted 00:02:23 (1145 turns).

Jynx the Digger (Gargoyle Earth Elementalist)       Turns: 1145, Time: 00:02:23

Health: -5/24      AC:  5    Str: 11    XL:     4   Next: 0%
Magic:  1/7        EV: 11    Int: 16    God:
Gold:   39         SH:  0    Dex:  6    Spells: 7/8 levels left

rFire    . . .     SeeInvis .   g - +0 dagger
rCold    . . .     Gourm    .   (no shield)
rNeg     + . .     Faith    .   c - +0 robe
rPois    ∞         Spirit   .   (no helmet)
rElec    +         Reflect  .   (no cloak)
rCorr    .         Harm     .   (no gloves)
MR       .....                  (no boots)
Stlth    ++........             (no amulet)
HPRegen  0.08/turn              j - -5 ring of dexterity (curse)
MPRegen  0.10/turn              (no ring)

@: no status effects
A: negative energy resistance 1, electricity resistance, unbreathing,
petrification resistance, rot immunity, AC +3
a: no special abilities


You were on level 2 of the Dungeon.
You were not hungry.

You visited 1 branch of the dungeon, and saw 2 of its levels.

You collected 39 gold pieces.

Inventory:

Hand Weapons
 g - a +0 dagger (weapon)
Missiles
 b - 29 stones (quivered)
Armour
 c - a +0 robe (worn)
Jewellery
 j - a cursed -5 ring of dexterity (left hand)
 m - an uncursed ring of resist corrosion {unknown}
Scrolls
 k - a scroll of magic mapping
Potions
 a - a potion of heal wounds {unknown}
 e - a potion of lignification {unknown}
 f - 3 potions of curing
 i - 2 potions of agility {unknown}
 l - a potion of haste {unknown}
Comestibles
 d - 3 rations
 h - a chunk of flesh


   Skills:
 + Level 0.8 Short Blades
 - Level 1.5 Dodging
 + Level 2.5 Stealth
 + Level 2.5 Spellcasting
   Level 0.7 Transmutations
 * Level 4.9 Earth Magic


You had 7 spell levels left.
You knew the following spells:

 Your Spells              Type           Power        Failure   Level  Hunger
a - Sandblast             Erth           ###...       2%          1    #......

Your spell library contained the following spells:

 Spells                   Type           Power        Failure   Level  Hunger
 Passwall                 Tmut/Erth      ##......     10%         2    ##.....
 Stone Arrow              Conj/Erth      #.....       22%         3    ###....
 Petrify                  Tmut/Erth      ##......     52%         4    #####..
 Lee's Rapid Deconstruct  Erth           ###.......   58%         5    ######.


Dungeon Overview and Level Annotations

Branches:
Dungeon (2/15)

Altars:
Cheibriados
Zin


Innate Abilities, Weirdness & Mutations

You are resistant to torment.
Your stone body is resilient. (AC +3)
You are immune to poison.
You resist negative energy. (rN+)
You are resistant to electric shocks. (rElec)
You can survive without breathing.
You are immune to petrification.
You are immune to rotting.


Message History

The blast of sand hits the gnoll.
You kill the gnoll!
You have reached level 4!
You feel clever.
b - 29 stones You hit the gnoll but do no damage.
The gnoll misses you.
You closely miss the gnoll. The gnoll closely misses you.
The gnoll hits you with a whip.
You hit the gnoll.
The gnoll is lightly wounded.
The gnoll barely misses you. The gnoll hits you with a whip.
You barely miss the gnoll.
The gnoll is lightly wounded.
The gnoll closely misses you. x2
You hit the gnoll but do no damage.
The gnoll is lightly wounded.
The gnoll barely misses you. The gnoll hits you with a whip!
* * * LOW HITPOINT WARNING * * *
The gnoll hits you from afar with a spear!
You die...

.......# #...........
.......# #...........
#'##...# #.......<..[
...#...# #...........
...###.######...........
...# #..................
#### ########.##.#+####
#...##.# #.####@#
#.#.gg.# ########.#.####
#......g....#
#........g..#
###...........#
#.............#
#.............#
#...###########


You could see 2 gnolls.

Vanquished Creatures
  A gnoll (D:2)
  An adder (D:2)
  An ooze (D:1)
  3 leopard geckos
  A giant cockroach (D:1)
  5 goblins (D:1)
  6 hobgoblins
  3 bats
  2 frilled lizards (D:1)
  2 kobolds (D:1)
  5 rats (D:1)
30 creatures vanquished.

Notes
Turn   | Place    | Note
-------+----------+-------------------------------------------
     0 | D:1      | Jynx the Gargoyle Earth Elementalist began the quest for
                  | the Orb.
     0 | D:1      | Reached XP level 1. HP: 10/10 MP: 3/3
   219 | D:1      | Reached skill level 4 in Earth Magic
   219 | D:1      | Reached XP level 2. HP: 11/15 MP: 0/5
   560 | D:1      | Reached XP level 3. HP: 16/19 MP: 1/6
  1025 | D:2      | Found a snail-covered altar of Cheibriados.
  1026 | D:2      | Found a glowing silver altar of Zin.
  1139 | D:2      | Reached XP level 4. HP: 21/24 MP: 0/7
  1145 | D:2      | Slain by a gnoll

Skill      XL: |  1 |
---------------+----+-----
Earth Magic    | 4 |  4.9
Short Blades   | |  0.8
Dodging        | |  1.5
Stealth        | |  2.5
Spellcasting   | |  2.5
Transmutations | |  0.7

Action                   |  1- 3 |  4- 6 || total
-------------------------+-------+-------++-------
Melee: Unarmed           |    16 |       ||    16
       Dagger            |    45 |     5 ||    50
 Cast: Sandblast         |    33 |     1 ||    34
  Use: Scroll            |     5 |       ||     5
 Stab: Sleeping          |     2 |       ||     2
  Eat: Chunk             |     1 |       ||     1
Armor: Robe              |    27 |       ||    27
Dodge: Dodged            |    45 |     6 ||    51
